 Dungeon Crawl Stone Soup version 0.24-a0-446-g87df7205b4 (webtiles) character file.

Game seed: 3190274607092490811

7977 theanonym the Spear-Bearer (level 11, -1/74 HPs)
             Began as a Mummy Warper on June 24, 2019.
             Was an Elder of Hepliaklqana.
             Killed by mirror damage (2 damage)
             ... on level 9 of the Dungeon.
             The game lasted 00:15:24 (10082 turns).

theanonym the Spear-Bearer (Mummy Warper)          Turns: 10082, Time: 00:15:25

Health: -1/74      AC: 19    Str: 17    XL:     11   Next: 3%
Magic:  13/15      EV:  3    Int: 14    God:    Hepliaklqana [****..]
Gold:   578        SH:  7    Dex: 11    Spells: 15/15 levels left

rFire    x . .     SeeInvis .   a - +2 spear (venom)
rCold    + . .     Gourm    .   q - +0 shield
rNeg     + + +     Faith    .   j - +5 plate armour {ponderous}
rPois    ∞         Spirit   .   f - +2 hat
rElec    .         Reflect  .   h - scarf {cloud immunity}
rCorr    .         Harm     .   (no gloves)
MR       ++...                  (no boots)
Stlth    ..........             c - amulet of magic regeneration
HPRegen  0.22/turn              i - ring of protection from magic
MPRegen  0.39/turn              (no ring)

@: studying Throwing, slow
A: no food or potions, fire vulnerability, reduced essence, cold resistance 1,
negative energy resistance 3, torment resistance, unbreathing
a: Recall Ancestor, Ancestor Identity, Transference, Idealise, Renounce Religion


Innate Abilities, Weirdness & Mutations

You do not eat or drink.
Your flesh is vulnerable to fire.
You are immune to poison.
Your flesh is cold resistant. (rC+)
You are immune to negative energy. (rN+++)
You are immune to unholy pain and torment.
You can survive without breathing.
Your life essence is reduced to manifest your ancestor. (-10% HP)


   Skills:
 + Level 6.6 Fighting
 + Level 12.0 Polearms
 - Level 0.7 Throwing
 + Level 5.2 Armour
 - Level 1.5 Dodging
 + Level 1.0 Shields
 - Level 2.6 Spellcasting
   Level 2.4 Translocations


You had 15 spell levels left.
You didn't know any spells.
Your spell library contained the following spells:

 Spells                   Type           Power        Failure   Level  Hunger
 Confusing Touch          Hex            #.....       100%        1    N/A
 Summon Small Mammal      Summ           #...         100%        1    N/A
 Blink                    Tloc           N/A          100%        2    N/A
 Call Imp                 Summ           #.......     100%        2    N/A
 Shroud of Golubria       Chrm/Tloc      #.....       100%        2    N/A
 Call Canine Familiar     Summ           #.......     100%        3    N/A
 Confuse                  Hex            #.......     100%        3    N/A
 Gell's Gravitas          Tloc           #.........   100%        3    N/A
 Lesser Beckoning         Tloc           #.........   100%        3    N/A
 Summon Guardian Golem    Hex/Summ       #.......     100%        3    N/A
 Teleport Other           Tloc           #.......     100%        3    N/A
 Passage of Golubria      Tloc           N/A          100%        4    N/A
 Petrify                  Tmut/Erth      #.......     100%        4    N/A
 Summon Ice Beast         Ice/Summ       #.......     100%        4    N/A
 Summon Lightning Spire   Summ/Air       #.......     100%        4    N/A
 Metabolic Englaciation   Hex/Ice        #.........   100%        5    N/A
 Yara's Violent Unravell  Hex/Tmut       #.........   100%        5    N/A

Skill      XL: |  1  2  3  4  5  6  7  8  9 10 11 |
---------------+----------------------------------+-----
Polearms       | 2 3 4 5 6 8 9 11 12 | 12.0
Armour         | 1 3 5 |  5.2
Fighting       | 4 6 |  6.6
Shields        | 1 |  1.0
Throwing       | |  0.7
Dodging        | |  1.5
Spellcasting   | |  2.6
Translocations | |  2.4

Action                   |  1- 3 |  4- 6 |  7- 9 | 10-12 || total
-------------------------+-------+-------+-------+-------++-------
Melee: Spear             |   171 |   263 |   379 |   371 ||  1184
       Halberd           |       |    37 |    74 |       ||   111
       Trident           |       |       |       |    15 ||    15
Invok: Ancestor Life: Kn |       |       |     1 |       ||     1
       Ancestor Identity |       |       |     1 |       ||     1
       Recall Ancestor   |       |       |       |     1 ||     1
Evoke: Wand              |       |       |     8 |     2 ||    10
       Lightning rod     |       |       |       |     2 ||     2
  Use: Scroll            |       |    10 |     5 |     1 ||    16
 Stab: Distracted        |       |       |     3 |     3 ||     6
Armor: Leather armour    |    21 |       |       |       ||    21
       Plate armour      |    35 |   169 |   219 |   146 ||   569
Dodge: Dodged            |    74 |    51 |    39 |    13 ||   177
Block: Shield            |       |       |    55 |    71 ||   126

Inventory:

Hand Weapons
 a - a +2 spear of venom (weapon)
 b - a +0 trident
Missiles
 g - 5 boomerangs of dispersal (quivered)
 o - 6 boomerangs
 p - a throwing net
Armour
 f - a +2 hat (worn)
 h - a scarf of cloud immunity (worn)
 j - a +5 plate armour of ponderousness (worn)
 q - a +0 shield (worn)
Jewellery
 c - an amulet of magic regeneration (around neck)
 i - a ring of protection from magic (left hand)
Wands
 d - a wand of digging (4)
 e - a wand of scattershot (7)
Scrolls
 k - 3 scrolls of enchant weapon
 l - 3 scrolls of enchant armour
 n - 7 scrolls of remove curse
 r - 6 scrolls of identify
 s - 4 scrolls of immolation
 y - 2 scrolls of magic mapping
 B - 4 scrolls of blinking
Books
 m - a manual of Throwing
Miscellaneous
 u - a lightning rod (3/4)


You were on level 9 of the Dungeon.
You worshipped Hepliaklqana.
Hepliaklqana was greatly pleased with you.
You were not hungry.

You visited 2 branches of the dungeon, and saw 11 of its levels.

You collected 578 gold pieces.

Dungeon Overview and Level Annotations

Branches:
Dungeon (10/15)            Temple (1/1) D:5             Orc (0/2) D:9
   Lair: D:8-11

Altars:
Ashenzari
Cheibriados
Dithmenos
Elyvilon
Fedhas
Gozag
Hepliaklqana
Kikubaaqudgha
Makhleb
Nemelex Xobeh
Okawaru
Qazlal
Ru
Sif Muna
Trog
Uskayaw
Vehumet
Wu Jian
Xom
Yredelemnul
Zin
The Shining One

Shops:
D:4 :

Annotations:
D:4 2 runed translucent doors

.......##R#.#.#...#.....##
#.####.###.##†####.####.# #.##
#># ###...##### #.# #..###.#
##.....## #.#
##..##.###.....<.## ##.######
)......##.........# #.......#
........'.##################.#
##...####.#................#.#
#..## ###.....@..R.......#.#
#.## #...♣♣......♣♣=..#.# #.#
#..♣♣♣♣....♣♣♣♣..#.# #.#
#..♣♣♣♣....♣♣♣♣..#.# #.#
#...♣♣......♣♣...#.#
#.########................#R#
#........'÷...............'.#
########(')......((.......'.#
##(#................###


You could see the friendly Huita the knight.

Notes
Turn   | Place    | Note
-------+----------+-------------------------------------------
     0 | D:1      | theanonym the Mummy Warper began the quest for the Orb.
     0 | D:1      | Reached XP level 1. HP: 16/16 MP: 4/4
   110 | D:1      | Reached skill level 2 in Polearms
   110 | D:1      | HP: 7/16 [jackal (2)]
   123 | D:1      | HP: 6/16 [jackal (1)]
   127 | D:1      | HP: 2/16 [jackal (2)]
   130 | D:1      | Reached XP level 2. HP: 3/22 MP: 5/5
   530 | D:1      | HP: 9/22 [hobgoblin/+0 club (4)]
  1001 | D:2      | HP: 11/22 [worker ant (1)]
  1008 | D:2      | Reached skill level 3 in Polearms
  1008 | D:2      | Reached XP level 3. HP: 13/27 MP: 7/7
  1247 | D:2      | Reached XP level 4. HP: 31/33 MP: 8/8
  1943 | D:3      | Found a burning altar of Makhleb.
  2007 | D:3      | Reached skill level 4 in Polearms
  2081 | D:3      | Found a shattered altar of Ashenzari.
  2106 | D:3      | Found an iron altar of Okawaru.
  2199 | D:3      | Noticed a gnoll sergeant
  2220 | D:3      | Killed a gnoll sergeant
  2220 | D:3      | Reached XP level 5. HP: 22/38 MP: 9/9
  2594 | D:3      | Reached skill level 5 in Polearms
  3016 | D:4      | Found Ummeqev's Book Shoppe.
  3100 | D:4      | Reached XP level 6. HP: 41/44 MP: 10/10
  3149 | D:4      | HP: 15/44 [ogre/+0 giant club (13)]
  3150 | D:4      | Reached skill level 6 in Polearms
  3152 | D:4      | HP: 7/44 [orc/+0 flail (6)]
  3424 | D:4      | Reached XP level 7. HP: 42/50 MP: 11/11
  3476 | D:4      | Found a bloodstained altar of Trog.
  3595 | D:4      | Found a large runed translucent door.
  3596 | D:4      | Found a large runed translucent door.
  3617 | D:4      | Reached skill level 7 in Polearms
  3841 | D:4      | Found a large runed translucent door.
  3841 | D:4      | Found a large runed translucent door.
  4419 | D:4      | Reached skill level 8 in Polearms
  4419 | D:4      | Reached XP level 8. HP: 42/56 MP: 12/12
  4506 | D:4      | Got a bloodstained chain mail
  4507 | D:4      | Identified the cursed +1 chain mail "Kieru" {rC+ rN+ Str+3
                  | Dex+3} (You found it on level 4 of the Dungeon)
  4546 | D:5      | Entered Level 5 of the Dungeon
  4546 | D:5      | Found a staircase to the Ecumenical Temple.
  4548 | D:5      | Noticed Grinder
  4565 | Temple   | Entered the Ecumenical Temple
  4634 | D:5      | Paralysed by Grinder for 3 turns
  4646 | D:5      | Killed Grinder
  4746 | D:5      | Found a hazy altar of Hepliaklqana.
  4829 | D:5      | Became a worshipper of Hepliaklqana the Forgotten
  4924 | D:5      | Reached skill level 9 in Polearms
  5174 | D:5      | Reached * piety under Hepliaklqana
  5191 | D:5      | Found a stormy altar of Qazlal.
  6210 | D:7      | Reached ** piety under Hepliaklqana
  6211 | D:7      | Remembered your ancestor Huita as a knight
  6239 | D:7      | Reached skill level 1 in Armour
  6239 | D:7      | Reached XP level 9. HP: 37/54 MP: 13/13
  6259 | D:7      | Found a radiant altar of Vehumet.
  6287 | D:7      | Reached skill level 10 in Polearms
  6402 | D:7      | Found a shadowy altar of Dithmenos.
  6535 | D:7      | Noticed Harold
  6561 | D:7      | Killed Harold
  6561 | D:7      | Reached skill level 3 in Fighting
  6561 | D:7      | Reached skill level 2 in Armour
  7259 | D:7      | Found a sparkling altar of Nemelex Xobeh.
  7259 | D:7      | Found a deep blue altar of Sif Muna.
  7293 | D:8      | Reached skill level 4 in Fighting
  7373 | D:8      | Reached skill level 3 in Armour
  7434 | D:8      | HP: 26/59 [acid (4)]
  7690 | D:8      | Reached skill level 11 in Polearms
  7748 | D:8      | Reached XP level 10. HP: 65/65 MP: 14/14
  7788 | D:8      | Reached *** piety under Hepliaklqana
  7986 | D:8      | Reached skill level 5 in Fighting
  8272 | D:9      | Found a staircase to the Orcish Mines.
  8309 | D:9      | Reached skill level 4 in Armour
  8627 | D:9      | Found an opulent altar of Gozag.
  8779 | D:9      | Noticed a two-headed ogre
  8790 | D:9      | HP: 29/66 [two-headed ogre/+0 giant club (16)]
  8791 | D:9      | Killed a two-headed ogre
  8869 | D:9      | Reached skill level 6 in Fighting
  8921 | D:9      | Reached skill level 5 in Armour
  9373 | D:9      | Reached skill level 12 in Polearms
  9414 | D:9      | HP: 33/69 [killer bee (7)]
  9429 | D:9      | HP: 34/69 [phantom (1)]
  9441 | D:9      | Reached XP level 11. HP: 39/74 MP: 15/15
  9625 | D:9      | HP: 33/74 [killer bee (5)]
  9630 | D:9      | HP: 28/74 [killer bee (2)]
  9635 | D:9      | HP: 25/74 [killer bee (4)]
  9639 | D:9      | Reached skill level 1 in Shields
  9644 | D:9      | HP: 17/74 [killer bee (3)]
  9960 | D:9      | Reached **** piety under Hepliaklqana
 10039 | D:10     | Entered Level 10 of the Dungeon
 10039 | D:10     | Noticed a death knight
 10065 | D:9      | HP: 22/74 [death knight/+0 great sword (18)]
 10070 | D:9      | HP: 5/74 [death knight/+0 great sword (18)]
 10077 | D:9      | HP: 5/74 [mirror damage (2)]
 10079 | D:9      | HP: 2/74 [mirror damage (1)]
 10082 | D:9      | Killed by mirror damage

Vanquished Creatures
  A two-headed ogre (D:9)
  Grinder (D:5)
  2 trolls (D:9)
  7 yaks (D:9)
  A steam dragon (D:9)
  3 ice beasts
  3 sky beasts
  4 ogres
  2 orc warriors (D:9)
  2 phantoms
  2 centaurs (D:4)
  2 big kobolds
  A bullfrog (D:8)
  A gnoll sergeant (D:3)
  2 scorpions
  10 killer bees
  3 wights (D:7)
  2 howler monkeys
  A bullfrog zombie (D:6)
  2 quasits
  A crimson imp (D:5)
  3 hounds
  3 jellies (D:8)
  3 orc priests (D:4)
  A bullfrog skeleton (D:6)
  5 orc wizards
  An iguana (D:4)
  7 worker ants
  A killer bee zombie (D:8)
  2 worker ant zombies
  A howler monkey skeleton (D:8)
  7 gnolls
  9 adders
  2 oozes (D:8)
  2 adder skeletons
  4 worms
  A dart slug (D:2)
  4 leopard geckos
  24 orcs
  8 giant cockroaches
  13 goblins
  5 hobgoblins
  8 jackals
  12 kobolds
  3 quokkas
  6 bats
  A frilled lizard (D:5)
  7 rats
196 creatures vanquished.

Vanquished Creatures (collateral kills)
  Harold (D:7)
  A hippogriff (D:8)
  A wyvern (D:7)
  2 yaks (D:9)
  A hungry ghost (D:9)
  A phantom (D:9)
  An ogre (D:7)
  A centaur (D:9)
  A bullfrog (D:8)
  2 killer bees (D:8)
  3 jellies (D:8)
  A hound (D:9)
  2 orc wizards (D:9)
  2 centaur skeletons
  A worker ant (D:6)
  A killer bee zombie (D:7)
  2 worker ant zombies
  2 adders (D:8)
  A shadow imp (D:6)
  3 oozes (D:8)
  An adder skeleton (D:9)
  An orc (D:7)
  A quokka (D:9)
  3 kobolds
36 creatures vanquished.

Vanquished Creatures (others)
  3 knights (D:9)
3 creatures vanquished.

Grand Total: 235 creatures vanquished

Table legend:
 A = Turns spent in this place as a percentage of turns spent in the entire game.
 B = Non-inter-level travel turns spent in this place as a percentage of non-inter-level travel turns spent in the entire game.
 C = Inter-level travel turns spent in this place as a percentage of turns spent in this place.
 D = Turns resting spent in this place as a percentage of non-inter-level travel turns spent in this place.
 E = Turns spent auto-exploring this place as a percentage of non-inter-level travel turns spent in this place.
 F = Non-inter-level travel turns spent in this place divided by the number of levels of this place that you've seen.
                   A       B       C       D       E      F
               +-------+-------+-------+-------+-------+----------------------
         Total | 100.0 | 100.0 |   4.1 |  29.6 |  50.1 | 879.4
       Dungeon |  99.5 |  99.6 |   4.0 |  29.8 |  49.9 | 963.2
        Temple |   0.5 |   0.4 |  16.3 |   0.0 |  95.1 |  41.0
               +-------+-------+-------+-------+-------+----------------------
